 Dungeon Crawl Stone Soup version 0.29-a0-410-g9596d59a08 (webtiles) character file.

Game seed: 5497487819825187236

119 KhasaRR the Chopper (level 4, -12/41 HPs)
             Began as a Minotaur Berserker on May 14, 2022.
             Was a Believer of Trog.
             Mangled by an ogre
             ... wielding a +0 giant spiked club
              (26 damage)
             ... on level 4 of the Dungeon.
             The game lasted 00:07:17 (3097 turns).

KhasaRR the Chopper (Minotaur Berserker)            Turns: 3097, Time: 00:07:18

Health: -12/41     AC:  1    Str: 24    XL:     4   Next: 73%
Magic:  3/3        EV: 12    Int: 10    God:    Trog [**....]
Gold:   236        SH:  0    Dex:  9    Spells: 3/3 levels left

rFire   . . .      SeeInvis .   a - +0 hand axe
rCold   . . .      Faith    .   (no shield)
rNeg    . . .      Spirit   .   (no body armour)
rPois   .          Reflect  .   (helmet restricted)
rElec   .          Harm     .   l - +0 cloak
rCorr   .          Rampage  .   (no gloves)
Will    .....                   (no boots)
Stlth   +.........              k - amulet of the acrobat
HPRegen 0.13/turn               g - +6 ring of intelligence
MPRegen 0.08/turn               (no ring)

@: no status effects
A: horns 2, retaliatory headbutt
a: Renounce Religion, Berserk, Trog's Hand


You were on level 4 of the Dungeon.
You worshipped Trog.
Trog was pleased with you.
You visited 1 branch of the dungeon, and saw 4 of its levels.

You collected 236 gold pieces.

Inventory:

Hand Weapons
 a - a +0 hand axe (weapon)
Missiles
 f - 2 javelins (quivered)
Armour
 b - a +0 animal skin
 l - a +0 cloak (worn)
 p - a +0 ring mail
Jewellery
 g - a +6 ring of intelligence (left hand)
 k - an amulet of the acrobat (around neck)
 m - an amulet of guardian spirit
Wands
 n - a wand of flame (26)
Scrolls
 h - a scroll of poison
 o - a scroll of identify
Potions
 c - 3 potions of curing
 d - 2 potions of resistance {unknown}
 e - 4 potions of heal wounds
 i - a potion of cancellation {unknown}
 j - a potion of magic {unknown}


   Skills:
 + Level 4.3 Fighting
 + Level 4.8 Axes
 + Level 0.1 Throwing
 * Level 3.1 Armour
 * Level 3.6 Dodging
 + Level 0.1 Stealth


You had 3 spell levels left.
You didn't know any spells.
Your spell library was empty.

Dungeon Overview and Level Annotations

Branches:
Dungeon (4/15)
 Temple: D:4-7

Altars:
Kikubaaqudgha
Qazlal


Innate Abilities, Weirdness & Mutations

You have a pair of horns on your head.
You reflexively headbutt those who attack you in melee.


Message History

You throw a javelin.
The javelin closely misses the ball python.
The javelin closely misses the jackal.
The ball python closely misses you. You furiously retaliate!
You headbutt the ball python.
You kill the ball python!
Trog accepts your kill.
You barely miss the jackal. Your headbutt misses the jackal.
The jackal misses you.
You closely miss the jackal. The jackal misses you. The jackal bites you.
You slash the jackal!
You kill the jackal!
Trog accepts your kill.
Things that are here:
a jackal corpse; a ball python corpse You now have 219 gold pieces (gained 16).
You now have 236 gold pieces (gained 17).
Found 15 stones.
Found a ring mail.
f - 2 javelins
o - a scroll of identify
Found an escape hatch in the ceiling.
An ogre comes into view. It is wielding a +0 giant spiked club.
You see here a +0 ring mail.
p - a +0 ring mail You start removing your armour.
You continue taking off your +0 animal skin. x4
The ogre closely misses you.
You finish taking off your +0 animal skin.
You start putting on your armour.
You continue putting on your +0 ring mail.
The ogre hits you with a +0 giant spiked club!!
Keep equipping yourself?
Uppercase [Y]es or [N]o only, please.
Keep equipping yourself?
You continue putting on your +0 ring mail. x2
The ogre hits you with a +0 giant spiked club!
You continue putting on your +0 ring mail.
The ogre hits you with a +0 giant spiked club!!
Ouch! That really hurt!
You die...

#......# #......#
#......#####+####
#...............#
#...............#
#...(...........#
.................+
.................#
..###+##.....@...#
.. #.....O...#
#.........#
#.........#
#.........#
...........#
..........<#
...........#


You could see an ogre.

Vanquished Creatures
  Crazy Yiuf (D:3)
  2 adders (D:2)
  A worm (D:4)
  6 bats
  8 endoplasms
  4 giant cockroaches
  9 goblins
  7 hobgoblins
  8 jackals
  6 ball pythons
  2 frilled lizards
  3 kobolds
  4 rats
61 creatures vanquished.

Notes
Turn   | Place    | Note
-------+----------+-------------------------------------------
     0 | D:1      | KhasaRR the Minotaur Berserker began the quest for the Orb.
     0 | D:1      | Reached XP level 1. HP: 19/19 MP: 0/0
   136 | D:1      | Reached XP level 2. HP: 27/27 MP: 1/1
   547 | D:1      | Reached ** piety under Trog
   684 | D:1      | Reached XP level 3. HP: 33/33 MP: 2/2
   780 | D:1      | Found a faded altar of an unknown god.
  1194 | D:2      | Found a stormy altar of Qazlal.
  1507 | D:2      | Reached XP level 4. HP: 25/40 MP: 3/3
  2446 | D:3      | Found an ancient bone altar of Kikubaaqudgha.
  2525 | D:3      | Found a runed translucent door.
  2526 | D:3      | Noticed Crazy Yiuf
  2533 | D:3      | Killed Crazy Yiuf
  3087 | D:4      | Noticed an ogre
  3097 | D:4      | Mangled by an ogre

Illustrated notes

Levels and vault maps discovered:
D:1:      eino_arrival_cavern_b, layout_rooms,
          hellmonk_ecumenical_altar_prayer_group
D:2:      layout_loops_ring, serial_rivers, chequers_serial_rivers_small_3,
          chequers_serial_rivers_marsh, chequers_serial_rivers_micro_e,
          chequers_serial_rivers_marsh, chequers_serial_rivers_micro_c,
          basic_altar
D:3:      layout_basic, mainiacjoe_overflow_brackets, uniq_crazy_yiuf_cottage
D:4:      layout_gridville, uniq_eustachio, uniq_robin

Skill      XL: |  1  2  3  4 |
---------------+-------------+-----
Axes           | 4 |  4.8
Fighting       | 4 |  4.3
Dodging        | 3 |  3.6
Armour         | 3 |  3.1
Throwing       | |  0.1
Stealth        | |  0.1

Action                   |  1- 3 |  4- 6 || total
-------------------------+-------+-------++-------
Melee: Hand axe          |    86 |    36 ||   122
       Headbutt          |     6 |     3 ||     9
Throw: Javelin           |     4 |     3 ||     7
Invok: Berserk           |     1 |     1 ||     2
       Trog's Hand       |       |     1 ||     1
Evoke: Wand              |       |     1 ||     1
  Use: Scroll            |       |     3 ||     3
 Stab: Sleeping          |       |     1 ||     1
Armor: Animal skin       |    17 |     4 ||    21
Dodge: Dodged            |    60 |    24 ||    84

Table legend: (Time is in decaauts)
 A = Elapsed time spent in this place.
 B = Non-inter-level travel time spent in this place.
 C = Inter-level travel time spent in this place.
 D = Time resting spent in this place.
 E = Time spent auto-exploring this place.
 F = Levels seen in this place.
 G = Mean time per level.
                   A        B        C        D        E       F      G
               +--------+--------+--------+--------+--------+-----+--------+
         Total |   3149 |   3024 |    125 |    427 |   2210 |   4 |  787.2 |
       Dungeon |   3149 |   3024 |    125 |    427 |   2210 |   4 |  787.2 |
               +--------+--------+--------+--------+--------+-----+--------+

Top non-repeatable levels by time:
     D:2: 1234 daAuts
     D:3: 905 daAuts
     D:1: 800 daAuts
     D:4: 208 daAuts
